 Dungeon Sprint DCSS version 0.20-a0-1116-gaa52201 (webtiles) character file.

1550 potatolord5000 the Fighter (level 8, 0/83 HPs)
             Began as a Minotaur Fighter on May 8, 2017.
             Was a Follower of Okawaru.
             Slain by an orc high priest
             ... wielding a +0 scimitar
              (2 damage)
             ... in the Dungeon (Sprint III: "The Ten Rune Challenge").
             The game lasted 00:06:52 (687 turns).

potatolord5000 the Fighter (Minotaur Fighter)        Turns: 687, Time: 00:06:52

Health: 0/83       AC:  9    Str: 28    XL:     8   Next: 57%
Magic:  7/7        EV:  9    Int:  5    God:    Okawaru [*.....]
Gold:   35         SH: 13    Dex: 10    Spells: 7/7 levels left

rFire    . . .     SeeInvis .   a - +0 war axe
rCold    . . .     Gourm    .   c - +0 shield
rNeg     . . .     Faith    .   b - +0 scale mail
rPois    .         Spirit   .   (helmet restricted)
rElec    .         Reflect  .   (no cloak)
rCorr    .         Harm     .   (no gloves)
MR       .....     NoTele   +   (no boots)
Stlth    ..........             (no amulet)
Regen    0.3/turn               (no ring)
MPRegen  0.1/turn               (no ring)

@: mighty
A: retaliatory headbutt, horns 2
a: Heroism, Renounce Religion


You were in the Dungeon.
You worshipped Okawaru.
Okawaru was aware of your devotion.
You were not hungry.

You visited 1 branch You collected 35 gold pieces.

Inventory:

Hand Weapons
 a - a +0 war axe (weapon)
Armour
 b - a +0 scale mail (worn)
 c - a +0 shield (worn)
Scrolls
 h - a scroll of immolation
 k - 2 scrolls of blinking
Potions
 e - a potion of curing
 g - 2 potions of mutation
 i - 2 potions of magic
 j - a potion of berserk rage
 l - a potion of invisibility {unknown}
 q - a potion of flight
 t - a potion of brilliance {unknown}
Books
 d - a book of Misfortune

   Spells                             Type                      Level
   a - Confusing Touch                Hexes                        1
   b - Confuse                        Hexes                        3
   c - Gell's Gravitas                Translocation                3
   d - Petrify                        Transmutation/Earth          4
   e - Metabolic Englaciation         Hexes/Ice                    5
   f - Yara's Violent Unravelling     Hexes/Transmutation          5
 m - a book of Cantrips

   Spells                             Type                      Level
   a - Confusing Touch                Hexes                        1
   b - Animate Skeleton               Necromancy                   1
   c - Summon Small Mammal            Summoning                    1
   d - Apportation                    Translocation                1
Comestibles
 f - a bread ration
 n - a royal jelly
 p - 2 meat rations


   Skills:
 + Level 11.9 Fighting
 + Level 11.6 Axes
 + Level 11.9 Armour
 + Level 11.9 Shields


You had 7 spell levels left.
You didn't know any spells.

Dungeon Overview and Level Annotations

Branches:
Dungeon (1/1)

Altars:
Cheibriados
Dithmenos
Elyvilon
Fedhas
Gozag
Hepliaklqana
Kikubaaqudgha
Makhleb
Nemelex Xobeh
Okawaru
Qazlal
Ru
Sif Muna
Trog
Uskayaw
Vehumet
Wu Jian
Xom
Yredelemnul
Zin
The Shining One
Beogh
Jiyva
Lugonu


Innate Abilities, Weirdness & Mutations

You reflexively headbutt those who attack you in melee.
You have a pair of horns on your head.


Message History

The red devil hits you but does no damage.
The orc sorcerer gestures at you while chanting.
The bolt of fire hits you!
* * * LOW HITPOINT WARNING * * *
The orc high priest hits you with a scimitar.
* * * LOW HITPOINT WARNING * * *
You slash the orc high priest!
The orc high priest is almost dead.
You closely miss the chaos spawn. You closely miss the orc warrior.
You hit the orc warrior. You block the orc warrior's attack.
The orc priest begins to cast a cantrip, but forgets the words!
The orange demon completely misses you. You block the red devil's attack.
The chaos spawn misses you. You furiously retaliate!
You headbutt the chaos spawn!! You closely miss the orc high priest.
The orc high priest is almost dead.
You hit the orc warrior. You closely miss the orc warrior.
You closely miss the chaos spawn.
The orc high priest hits you with a scimitar.
You die...

▓▓▓ ▓▓▓ ▓
##.############ $$# $##
##..#___#___#__##$$##.$#
.#..#...#__.#._#3oo.....
.#..###+#'###)##o4oo....
'#..#...)......#o4oo....
#...'.⌠........#@o4o#
#...#...######'#o####
....#.⌠.#__#...#'#### #
....#...#__#...#....#.#
....#'###__#...##.#..#
....#)).#__#...'##)#.#
....#___#__'...#..)# .#
▓▓▓▓▓▓▓▓▓▓▓▓▓▓▓▓▓▓▓▓ ▓


You could see an orc high priest, an orange demon, a smoke demon, a chaos spawn,
an orc sorcerer, a red devil, 2 orc warriors, 2 orc priests and 5 orcs.

Vanquished Creatures
  A deep elf mage (D)
  A shadow (D)
  A spatial vortex (D)
  A necrophage (D)
  3 two-headed ogres (D)
  A water elemental (D)
  A scorpion (D)
  A jelly (D)
  A wizard (D)
  Jessica (D)
  A necromancer (D)
  A kobold demonologist (D)
  3 humans (D)
  2 oozes (D)
  7 orcs (D)
  A rat (D)
27 creatures vanquished.

Vanquished Creatures (others)
  2 draconian scorchers (D)
  6 hellions (D)
  A yaktaur (D)
9 creatures vanquished.

Grand Total: 36 creatures vanquished

Notes
Turn   | Place    | Note
-------+----------+-------------------------------------------
     0 | D        | potatolord5000 the Minotaur Fighter began the quest for the Orb.
     0 | D        | Reached XP level 1. HP: 19/19 MP: 0/0
    14 | D        | Reached XP level 2. HP: 22/28 MP: 1/1
    46 | D        | Noticed Jessica
    50 | D        | Killed Jessica
    50 | D        | Reached skill level 5 in Fighting
    50 | D        | Reached skill level 5 in Armour
    50 | D        | Reached skill level 5 in Shields
    50 | D        | Reached XP level 3. HP: 32/36 MP: 2/2
    63 | D        | Noticed a scorpion
    65 | D        | Killed a hellion
    67 | D        | Killed a scorpion
    67 | D        | Reached skill level 5 in Axes
    67 | D        | Reached XP level 4. HP: 42/44 MP: 3/3
    75 | D        | Noticed a water elemental
    79 | D        | Killed a water elemental
    79 | D        | Reached XP level 5. HP: 22/52 MP: 4/4
    91 | D        | Found a glowing silver altar of Zin.
    91 | D        | Found a glowing golden altar of the Shining One.
    91 | D        | Found a white marble altar of Elyvilon.
    92 | D        | Noticed a deep elf mage
    99 | D        | Killed a deep elf mage
    99 | D        | Reached skill level 10 in Shields
    99 | D        | Reached XP level 6. HP: 22/66 MP: 5/5
    99 | D        | Reached XP level 7. HP: 24/71 MP: 6/6
   102 | D        | Killed a hellion
   116 | D        | Found a radiant altar of Vehumet.
   116 | D        | Found a deep blue altar of Sif Muna.
   116 | D        | Found an ancient bone altar of Kikubaaqudgha.
   120 | D        | Killed a white draconian scorcher
   121 | D        | Reached skill level 10 in Fighting
   121 | D        | Reached skill level 10 in Armour
   125 | D        | Killed a hellion
   125 | D        | Killed a hellion
   125 | D        | Killed a hellion
   140 | D        | Found a hide-covered altar of Uskayaw.
   140 | D        | Found a roughly hewn altar of Beogh.
   140 | D        | Found an iron altar of Okawaru.
   140 | D        | Found a bloodstained altar of Trog.
   140 | D        | Found an ornate altar of the Wu Jian Council.
   140 | D        | Noticed a human
   141 | D        | Noticed a human
   150 | D        | Killed a human
   150 | D        | Reached skill level 10 in Axes
   152 | D        | Killed a human
   158 | D        | Killed a white draconian scorcher
   168 | D        | Became a worshipper of Warmaster Okawaru
   323 | D        | Found a basalt altar of Yredelemnul.
   323 | D        | Found a shadowy altar of Dithmenos.
   323 | D        | Found a sacrificial altar of Ru.
   334 | D        | Reached XP level 8. HP: 82/82 MP: 7/7
   361 | D        | Found a blossoming altar of Fedhas.
   361 | D        | Found a stormy altar of Qazlal.
   361 | D        | Found a snail-covered altar of Cheibriados.
   361 | D        | Found a burning altar of Makhleb.
   361 | D        | Found a shimmering altar of Xom.
   362 | D        | Found a hazy altar of Hepliaklqana.
   362 | D        | Found an opulent altar of Gozag.
   362 | D        | Found a sparkling altar of Nemelex Xobeh.
   362 | D        | Found a corrupted altar of Lugonu.
   362 | D        | Found a viscous altar of Jiyva.
   391 | D        | Killed a hellion
   431 | D        | Reached * piety under Okawaru
   542 | D        | Killed a yaktaur
   671 | D        | Noticed an orc sorcerer
   672 | D        | Noticed an orc high priest
   674 | D        | Noticed a hellwing
   674 | D        | Noticed an orange demon
   674 | D        | Noticed a red devil
   676 | D        | Noticed a smoke demon
   685 | D        | HP: 3/83 [orc sorcerer/bolt of fire (32)]
   687 | D        | Slain by an orc high priest

Vault maps used:
D:        dungeon_sprint_mu

Skill      XL: |  1  2  3  4  5  6  7  8 |
---------------+-------------------------+-----
Fighting       | 4 5 6 7 9 11 | 11.9
Axes           | 3 4 5 6 9 10 11 | 11.6
Armour         | 4 5 6 7 9 10 11 | 11.9
Shields        | 4 5 6 7 10 11 | 11.9

Action                   |  1- 3 |  4- 6 |  7- 9 || total
-------------------------+-------+-------+-------++-------
Melee: War axe           |     9 |     9 |    62 ||    80
       Headbutt          |     6 |     2 |    14 ||    22
  Use: Potion            |     1 |       |     6 ||     7
       Scroll            |       |       |     4 ||     4
Armor: Scale mail        |     3 |     1 |    15 ||    19
Dodge: Dodged            |     2 |     5 |    22 ||    29
Block: Shield            |     5 |     2 |    34 ||    41
